 Dungeon Crawl Stone Soup version 0.22-a0-185-ge330310 (webtiles) character file.

1702542 Gorglomux the Slayer (level 27, 142/254 HPs)
             Began as a Human Arcane Marksman on Feb 15, 2018.
             Was a High Priest of Okawaru.
             Escaped with the Orb
             ... and 3 runes!
             The game lasted 02:27:28 (66049 turns).

Gorglomux the Slayer (Human Arcane Marksman)       Turns: 66049, Time: 02:27:29

Health: 142/254    AC: 47    Str: 21    XL:     27
Magic:  26/26      EV: 18    Int: 13    God:    Okawaru [*****.]
Gold:   4996       SH:  0    Dex: 17    Spells: 27/28 levels left

rFire    + + .     SeeInvis +   C - +9 battleaxe (vamp)
rCold    + . .     Gourm    .   (shield currently unavailable)
rNeg     + . .     Faith    .   n - +11 gold dragon scales
rPois    +         Spirit   .   v - +2 hat {SInv}
rElec    .         Reflect  .   i - scarf {repulsion}
rCorr    .         Harm     .   L - +2 pair of gloves
MR       +++++     Clarity  +   y - +2 pair of boots
Stlth    ..........             x - amulet of the Four Winds {rN+ MR+++ Clar}
HPRegen  0.52/turn              m - ring of protection from magic
MPRegen  0.20/turn              G - ring of Linearity {rPois rF+}

@: hasted, repel missiles, very quick
A: repulsion field 1, thin metallic scales 1, low mp 1, robust 1, screaming 1,
subdued magic 1
0: Orb of Zot
}: 3/15 runes: barnacled, silver, gossamer
a: Heroism, Finesse, Renounce Religion


You escaped.
You worshipped Okawaru.
Okawaru was extremely pleased with you.
You were not hungry.

You visited 8 branches of the dungeon, and saw 46 of its levels.

You collected 5937 gold pieces.
You spent 941 gold pieces at shops.

Inventory:

Hand Weapons
 C - a +9 vampiric battleaxe (weapon)
Missiles
 d - 24 javelins of returning {god gift}
 j - 8 steel javelins (quivered) {god gift}
 p - 32 javelins of penetration {god gift}
 w - 16 silver javelins {god gift}
 M - 14 poisoned javelins {god gift}
 Z - 8 throwing nets
Armour
 i - a scarf of repulsion (worn)
 n - +11 gold dragon scales (worn)
 v - a +2 hat of see invisible (worn)
 y - a +2 pair of boots (worn)
 L - a +2 pair of gloves (worn)
Jewellery
 c - an uncursed ring of protection from cold
 f - an uncursed ring of protection from fire
 m - a ring of protection from magic (left hand)
 x - the amulet of the Four Winds (around neck) {rN+ MR+++ Clar}
   (You found it on level 5 of the Vaults)

   [amulet of nothing]

   It protects you from negative energy.
   It affects your resistance to hostile enchantments.
   It protects you against confusion.
 G - the ring of Linearity (right hand) {rPois rF+}
   (You found it on level 8 of the Dungeon)

   [ring of poison resistance]

   It protects you from fire.
   It protects you from poison.
Wands
 o - a wand of flame (86)
 A - a wand of acid (18)
 D - a wand of digging (15)
 E - a wand of enslavement (18)
 I - a wand of iceblast (19)
 P - a wand of paralysis (46)
 S - a wand of scattershot (7)
Scrolls
 b - 3 scrolls of fear
 g - a scroll of summoning
 h - 4 scrolls of immolation
 q - 4 scrolls of fog
 B - 7 scrolls of blinking
 H - 2 scrolls of holy word
 K - 33 scrolls of remove curse
 T - 15 scrolls of teleportation
Potions
 a - a potion of invisibility
 e - a potion of berserk rage
 k - 6 potions of ambrosia
 r - 6 potions of brilliance
 z - 4 potions of resistance
 F - 2 potions of flight
 J - a potion of haste
 N - 7 potions of agility
 O - 4 potions of cancellation
 Q - 4 potions of curing
 W - 6 potions of mutation {!q}
 Y - a potion of might
Miscellaneous
 U - 2 boxes of beasts
 V - a phantom mirror
 X - a phial of floods
Comestibles
 u - 39 rations


   Skills:
 + Level 22.0 Fighting
   Level 2.4 Long Blades
 - Level 20.0 Axes
 + Level 16.7 Throwing
 + Level 22.0 Armour
 - Level 21.0 Dodging
   Level 4.0 Shields
 - Level 1.0 Spellcasting
 - Level 3.0 Hexes
 - Level 9.0 Invocations


You had 27 spell levels left.
You knew the following spells:

 Your Spells              Type           Power        Failure   Level  Hunger
a - Corona                Hex            #......      80%         1    ##.....


Dungeon Overview and Level Annotations

Branches:
Dungeon (15/15)            Temple (0/1) D:5            Lair (6/6) D:10
 Shoals (4/4) Lair:2       Spider (4/4) Lair:2        Slime (0/5) Lair:6
    Orc (2/2) D:9             Elf (0/3) Orc:2        Vaults (5/5) D:13
  Crypt (0/3) Vaults:3     Depths (5/5) D:15            Zot (5/5) Depths:5

Altars:
Ashenzari
Elyvilon
Fedhas
Gozag
Kikubaaqudgha
Makhleb
Nemelex Xobeh
Okawaru
Qazlal
Sif Muna
Trog
Vehumet
Xom
Yredelemnul
The Shining One
Beogh

Shops:
D:5 [   Orc:1 [   Orc:2 :?=}(   Vaults:2 [   Depths:1 [?}

Portals:
Hell: Depths:1 Depths:2 Depths:3 Depths:4 Depths:5
Abyss: Depths:2 Depths:4
Pandemonium: Depths:2 Depths:3
Ziggurat: Depths:1

Annotations:
D:4 braks's ghost, novice OgWr
Lair:4 exclusion: 2 oklob plants
Shoals:3 exclusion: Roxanne, Roxanne
Vaults:2 exclusion: orange crystal statue
Zot:4 exclusion: upstairs


Innate Abilities, Weirdness & Mutations

You are surrounded by a mild repulsion field. (EV +2)
You are partially covered in thin metallic scales. (AC +2)
Your magical capacity is low. (-10% MP)
You are robust. (+10% HP)
You occasionally shout uncontrollably at your foes.
Your spells are a little easier to cast, but a little less powerful.


Message History

Unknown command!
No target in view!!!
No target in view!!!
No target in view!!!
No target in view!!!
No target in view!!!
Unknown command!
(D) Dungeon (T) Temple (L) Lair (A) Shoals (N) Spider Nest (M) Slime Pits (O) Orcish Mines (E) Elven Halls (V) Vaults (C) Crypt (U) Depths (H) Hell (Z) Zot
Where to? (Enter - D:1 @ (x,y), ? - butt)
A Brimstone Fiend comes into view!
You feel yourself speed up!
The Brimstone Fiend calls on the powers of darkness!!!
Your body is wracked with pain!!!
There is an open butt here!
You close the gate!
There is a staircase leading out of the dungeon here!
You butt escaped!!!

############ #...†......#
####.########.# #.##.#
######.######### .....#
#..............#### #.####
#.###.#######.....# #.#
#.###.#.....#.###.# #.#
#.##..#..@..#.# #.# ..#
#.##..#.....#.###.# ###
#.##..#.....#..##.#
#.#...##+++##.....#####
#.#.#.........###.....#
#.#.#.#####...###.###.####
#.........................
###.#.......1.....##...###
#.#..#####..######......


There were no monsters in sight!

Vanquished Creatures
  7 orbs of fire (Zot:5)
  A juggernaut (Depths:2)
  5 ancient liches (Zot:5)
  Mara (Spider:2)
  Sojobo (Vaults:3)
  Boris (Vaults:5)
  Bai Suzhen (Spider:3)
  A Killer Klown (Zot:5)
  5 golden dragons
  Nikola (Spider:1)
  2 curse toes
  Jory (Vaults:5)
  A bone dragon (Depths:5)
  Jorgrun (Vaults:5)
  Arachne (Spider:1)
  2 liches
  2 electric golems (Zot:5)
  9 tentacled monstrosities
  Rupert (Orc:2)
  32 Orb Guardians
  6 quicksilver dragons
  4 titans
  An Executioner (D:2)
  8 sphinxes
  Gastronok (D:8)
  Polyphemus (Shoals:3)
  5 death cobs
  Agnes (Spider:2)
  10 shadow dragons
  7 storm dragons
  3 draconian monks
  11 tengu reavers
  5 fire giants
  Donald (Lair:2)
  Ilsuiw (Shoals:4)
  5 iron dragons
  A deep elf sorcerer (Vaults:5)
  2 draconian scorchers
  18 vault wardens
  7 ghost moths
  8 emperor scorpions
  Louise (D:15)
  12 frost giants
  4 draconian knights
  A draconian shifter (Zot:4)
  2 spriggan defenders (Depths:2)
  3 war gargoyles (Vaults:5)
  2 deep elf elementalists (Depths:2)
  17 very ugly things
  11 ironheart preservers
  19 stone giants
  A draconian stormcaller (Zot:4)
  6 draconian annihilators
  3 vampire knights
  Nessos (D:13)
  4 entropy weavers
  5 deep elf annihilators
  3 black draconians (Zot:4)
  A deep elf demonologist (Depths:3)
  9 green draconians
  Azrael (D:15)
  10 spark wasps
  2 purple draconians
  6 yellow draconians
  5 white draconians
  A spark wasp (shapeshifter) (Depths:2)
  4 red draconians
  A deep elf death mage (Vaults:1)
  19 ettins
  5 merfolk javelineers
  A green death (D:11)
  9 merfolk impalers
  A blizzard demon (D:7)
  A jiangshi (Depths:2)
  12 fire dragons
  10 great orbs of eyes
  16 ogre magi
  11 yaktaur captains
  2 deep elf high priests (Vaults:5)
  A rakshasa (Depths:3)
  33 vault guards
  10 hydras
  11 ice dragons
  A catoblepas (Lair:5)
  A merfolk avatar (Shoals:4)
  A death knight (D:15)
  16 centaur warriors
  A satyr (Shoals:4)
  3 spriggan air magi
  8 merfolk aquamancers (Shoals:4)
  Erica (D:10)
  An alligator snapping turtle (Shoals:1)
  58 two-headed ogres
  An alligator (shapeshifter) (D:15)
  A tengu warrior (D:15)
  5 deep troll shamans
  10 death yaks
  A hell hog (Depths:4)
  7 deep troll earth magi
  4 orc high priests
  A vampire mage (Depths:2)
  A dancing weapon (Vaults:5)
  2 spriggan berserkers
  A storm dragon zombie (Depths:4)
  A soul eater (D:7)
  4 deep elf knights
  Sonja (D:11)
  A fire crab (shapeshifter) (Vaults:3)
  7 sea snakes
  2 sixfirhies (D:11)
  17 skeletal warriors
  3 iron trolls
  A shadow wraith (Vaults:4)
  6 glowing orange brains
  A glowing orange brain (shapeshifter) (Vaults:5)
  29 deep trolls
  2 flayed ghosts
  5 wizards
  2 sea snakes (shapeshifter) (Vaults:5)
  3 unseen horrors
  An entropy weaver zombie (Spider:1)
  An unseen horror (shapeshifter) (Depths:2)
  5 deep elf archers
  2 spark wasp zombies
  A kraken simulacrum (Shoals:4)
  7 phantasmal warriors
  8 harpies
  A lindwurm (shapeshifter) (Depths:2)
  11 ironbrand convokers
  2 wolf spider zombies
  Pikel (D:8)
  5 necromancers
  17 orc knights
  13 orb spiders
  8 cyclopes
  40 wolf spiders
  44 ugly things
  4 orc sorcerers
  A shining eye (shapeshifter) (Vaults:5)
  5 fauns (Shoals:1)
  10 deep elf magi
  A tengu skeleton (Vaults:5)
  14 manticores
  A stone giant skeleton (Vaults:5)
  13 merfolk sirens
  A guardian serpent (shapeshifter) (Vaults:3)
  7 black mambas
  11 elephants
  13 moths of wrath
  12 vault sentinels
  A titan simulacrum (Depths:4)
  An orange demon (D:1)
  A rust devil (D:2)
  2 black mambas (shapeshifter) (Depths:2)
  3 water nymphs
  2 torpor snails
  A smoke demon (Depths:3)
  A yaktaur zombie (Vaults:1)
  A spiny frog (shapeshifter) (Vaults:4)
  3 gargoyles
  A storm dragon simulacrum (Depths:4)
  8 spiny frogs
  49 yaktaurs
  A yaktaur (shapeshifter) (D:12)
  8 komodo dragons
  6 freezing wraiths
  3 redback zombies (Spider:1)
  2 hellwings
  2 rime drakes
  23 demonic crawlers
  An ice devil (D:13)
  A queen bee (shapeshifter) (Vaults:4)
  42 jumping spiders
  18 merfolk
  A troll (shapeshifter) (Depths:5)
  2 tengu conjurers
  7 trolls
  A jumping spider (shapeshifter) (Vaults:1)
  A polar bear (shapeshifter) (Vaults:1)
  16 hornets
  3 polar bears
  3 tarantella zombies (Spider:1)
  5 wind drakes (Shoals:4)
  45 slime creatures
  A wind drake (shapeshifter) (Depths:4)
  14 blink frogs
  A hippogriff (shapeshifter) (Depths:2)
  10 snapping turtles
  5 hippogriffs
  2 jumping spider zombies (Spider:1)
  A stone giant simulacrum (Vaults:2)
  A meliai zombie (D:13)
  8 dream sheep
  68 redbacks
  13 water elementals
  14 spriggans
  16 tarantellas
  A spriggan (shapeshifter) (Depths:2)
  36 yaks
  2 vampires
  5 wraiths
  A wyvern (shapeshifter) (Depths:1)
  4 wyverns
  A small abomination (Spider:1)
  2 basilisks
  A human (D:13)
  A hungry ghost (D:9)
  A steam dragon (Lair:4)
  6 vampire mosquitoes
  A neqoxec (Zot:4)
  A warg (shapeshifter) (Depths:5)
  A warg (Vaults:4)
  An acid dragon (shapeshifter) (Depths:5)
  3 acid dragons
  10 hell hounds
  2 orb spider zombies (Spider:1)
  3 soldier ants (Spider:1)
  A water moccasin (shapeshifter) (Depths:2)
  Duvessa (D:7)
  10 porcupines
  9 water moccasins
  4 slaves (D:8)
  37 orc warriors
  4 sky beasts
  3 phantoms
  2 hornet zombies (Spider:1)
  9 black bears
  A swamp drake (Lair:4)
  2 ice beasts
  38 ogres
  18 boggarts
  A necrophage (D:11)
  An elf zombie (Vaults:1)
  12 centaurs
  30 wolves
  13 crocodiles
  A crocodile (shapeshifter) (Vaults:5)
  4 big kobolds
  21 bullfrogs
  3 yaktaur skeletons
  A wyvern zombie (D:10)
  Dowan (D:7)
  A human skeleton (Vaults:5)
  A hornet simulacrum (D:14)
  8 scorpions
  13 killer bees
  2 troll zombies (D:9)
  An orc simulacrum (Vaults:2)
  6 howler monkeys
  6 crimson imps
  2 bullfrog zombies
  4 centaur zombies
  2 quasits
  6 centaur skeletons
  10 hounds
  32 orc wizards
  5 jellies
  30 orc priests
  5 bullfrog skeletons
  3 iguanas
  25 worker ants
  A killer bee zombie (D:10)
  5 ogre zombies (D:9)
  2 hound zombies
  3 hound skeletons
  A worker ant zombie (D:11)
  5 adders
  4 shadow imps
  7 oozes
  An adder skeleton (D:4)
  3 adder zombies
  4 worms
  2 dart slugs (D:1)
  8 leopard geckos
  104 orcs
  8 bats
  4 giant cockroaches
  13 hobgoblins
  13 jackals
  4 quokkas
  3 ball pythons
  7 frilled lizards
  5 goblin skeletons (D:9)
  3 goblin zombies (D:9)
  A hobgoblin skeleton (D:9)
  4 hobgoblin zombies (D:9)
  16 kobolds
  2 leopard gecko zombies
  13 orc zombies
  11 rats
  13 crawling corpses
  2 fungi (Lair:6)
  A plant (Lair:6)
2093 creatures vanquished.

Vanquished Creatures (others)
  A deep elf death mage (Vaults:4)
  A rakshasa (Depths:2)
  A catoblepas (Shoals:3)
  A deep elf knight (Vaults:3)
  A faun (Shoals:1)
  An orc sorcerer (Vaults:1)
  A cyclops (shapeshifter) (D:13)
  A jumping spider (Spider:2)
  2 redbacks (Spider:2)
  A warg (Vaults:3)
  A water moccasin (Lair:6)
  An orc warrior (Vaults:1)
  A boggart (Vaults:3)
  2 orc wizards
  2 orcs
  24 fungi
  30 plants
  10 tentacles (Shoals:4)
82 creatures vanquished.

Grand Total: 2175 creatures vanquished

Notes
Turn   | Place    | Note
-------+----------+-------------------------------------------
     0 | D:1      | Gorglomux the Human Arcane Marksman began the quest for the Orb.
     0 | D:1      | Reached XP level 1. HP: 15/15 MP: 2/2
    88 | D:1      | Reached XP level 2. HP: 7/21 MP: 3/3
   747 | D:1      | Reached XP level 3. HP: 7/26 MP: 4/4
   757 | D:1      | Reached skill level 1 in Armour
  2174 | D:2      | Reached XP level 4. HP: 33/33 MP: 1/5
  3402 | D:2      | Found a white marble altar of Elyvilon.
  3973 | D:3      | Reached skill level 3 in Throwing
  3973 | D:3      | Reached skill level 3 in Dodging
  3973 | D:3      | Reached XP level 5. HP: 34/39 MP: 3/6
  4540 | D:4      | Found a stormy altar of Qazlal.
  4540 | D:4      | Found an opulent altar of Gozag.
  4540 | D:4      | Found a radiant altar of Vehumet.
  4542 | D:4      | Found a deep blue altar of Sif Muna.
  4543 | D:4      | Found an iron altar of Okawaru.
  4641 | D:4      | Became a worshipper of Warmaster Okawaru
  4644 | D:4      | Noticed braks's ghost (novice OgWr)
  5001 | D:4      | Reached XP level 6. HP: 29/46 MP: 1/7
  5315 | D:4      | Found a bloodstained altar of Trog.
  5404 | D:3      | Reached skill level 3 in Fighting
  6281 | D:4      | Reached skill level 3 in Armour
  6330 | D:5      | Entered Level 5 of the Dungeon
  6486 | D:4      | Reached XP level 7. HP: 43/52 MP: 8/8
  6674 | D:5      | Gained mutation: You evolve. [potion of mutation]
  6674 | D:5      | Gained mutation: Your body sometimes deteriorates upon taking damage. [potion of mutation]
  6674 | D:5      | Gained mutation: You are partially covered in thin metallic scales. (AC +2) [potion of mutation]
  6674 | D:5      | Gained mutation: You are robust. (+10% HP) [potion of mutation]
  6684 | D:5      | Found a basalt altar of Yredelemnul.
  6866 | D:6      | Reached * piety under Okawaru
  7428 | D:4      | Gained mutation: You are surrounded by a mild repulsion field. (EV +2) [evolution]
  7487 | D:5      | Reached XP level 8. HP: 66/66 MP: 6/9
  8040 | D:5      | Found a blossoming altar of Fedhas.
  8041 | D:5      | Found Wopuo's Armour Emporium.
  8049 | D:5      | Bought a +1 pair of boots for 149 gold pieces
  8127 | D:5      | Found a staircase to the Ecumenical Temple.
  8624 | D:6      | Lost mutation: Your body sometimes deteriorates upon taking damage. [evolution]
  8624 | D:6      | Lost mutation: You evolve. [end of evolution]
  8880 | D:7      | Reached ** piety under Okawaru
  8880 | D:7      | Reached XP level 9. HP: 74/74 MP: 10/10
  8991 | D:7      | Found a shattered altar of Ashenzari.
  9269 | D:7      | Reached skill level 6 in Throwing
  9311 | D:7      | Reached skill level 6 in Dodging
  9428 | D:7      | Noticed Dowan
  9429 | D:7      | Noticed Duvessa
  9434 | D:7      | Killed Duvessa
  9436 | D:7      | Killed Dowan
  9659 | D:8      | Reached skill level 6 in Fighting
  9714 | D:8      | Noticed Gastronok
  9737 | D:8      | Killed Gastronok
  9737 | D:8      | Reached *** piety under Okawaru
  9737 | D:8      | Reached **** piety under Okawaru
  9737 | D:8      | Received a gift from Okawaru
  9737 | D:8      | Reached XP level 10. HP: 50/86 MP: 8/11
 10147 | D:8      | Received a gift from Okawaru
 10463 | D:8      | Noticed a two-headed ogre
 10487 | D:8      | Killed a two-headed ogre
 10764 | D:8      | Reached XP level 11. HP: 88/94 MP: 12/12
 10870 | D:8      | Got a crude bone ring
 10953 | D:8      | Identified the ring of Linearity {rPois rF+} (You found it on level 8 of the Dungeon)
 11346 | D:9      | Found an iron altar of Okawaru.
 11684 | D:9      | Found a staircase to the Orcish Mines.
 12031 | D:9      | You fall through a shaft for 3 floors!
 12050 | D:12     | Noticed a cyclops
 12057 | D:12     | Killed a cyclops
 12380 | D:11     | Noticed a four-headed hydra
 12388 | D:11     | Killed a four-headed hydra
 12388 | D:11     | Received a gift from Okawaru
 12388 | D:11     | Reached skill level 9 in Throwing
 12388 | D:11     | Reached skill level 9 in Dodging
 12414 | D:11     | Noticed a cyclops
 12417 | D:11     | Killed a cyclops
 12498 | D:11     | Reached ***** piety under Okawaru
 12498 | D:11     | Reached skill level 9 in Fighting
 12940 | D:11     | Reached skill level 1 in Invocations
 12971 | D:11     | Reached skill level 3 in Invocations
 13002 | D:10     | Entered Level 10 of the Dungeon
 13231 | D:9      | Found an ancient bone altar of Kikubaaqudgha.
 13240 | D:9      | Found a sparkling altar of Nemelex Xobeh.
 13405 | D:10     | Noticed Erica
 13421 | D:10     | Killed Erica
 13421 | D:10     | Received a gift from Okawaru
 13421 | D:10     | Reached XP level 12. HP: 83/104 MP: 13/15
 13830 | D:10     | Found a staircase to the Lair.
 14169 | D:11     | Noticed a skeletal warrior
 14169 | D:11     | Noticed a skeletal warrior
 14169 | D:11     | Noticed a skeletal warrior
 14227 | Lair:1   | Entered Level 1 of the Lair of Beasts
 15170 | Lair:2   | Received a gift from Okawaru
 15507 | Lair:2   | Received a gift from Okawaru
 15507 | Lair:2   | Reached skill level 12 in Throwing
 15514 | Lair:2   | Found a staircase to the Shoals.
 15680 | Lair:2   | Found a hole to the Spider Nest.
 15911 | Lair:3   | Reached skill level 3 in Shields
 15953 | Lair:3   | Reached XP level 13. HP: 111/111 MP: 16/16
 15977 | Lair:3   | Found a shimmering altar of Xom.
 15999 | Lair:3   | Reached skill level 9 in Armour
 17317 | Lair:4   | Noticed a four-headed hydra
 17321 | Lair:4   | Killed a four-headed hydra
 17499 | Lair:4   | Noticed a six-headed hydra
 17507 | Lair:4   | Killed a six-headed hydra
 18668 | Lair:4   | Received a gift from Okawaru
 18938 | Lair:5   | Received a gift from Okawaru
 19075 | Lair:5   | Reached XP level 14. HP: 100/122 MP: 17/17
 19748 | Lair:5   | Identified the Almanac of the Aerial Voyage
 20064 | Lair:6   | Entered Level 6 of the Lair of Beasts
 20069 | Lair:6   | Received a gift from Okawaru
 20255 | Lair:6   | Received a gift from Okawaru
 20559 | Lair:6   | Received a gift from Okawaru
 20842 | Lair:6   | Paralysed by a hornet for 3 turns
 21042 | Lair:6   | Received a gift from Okawaru
 21183 | Lair:6   | Received a gift from Okawaru
 21451 | Lair:6   | Reached XP level 15. HP: 102/132 MP: 18/18
 21869 | Lair:6   | Found a staircase to the Slime Pits.
 22178 | Lair:6   | Received a gift from Okawaru
 22834 | D:11     | Noticed Sonja
 22840 | D:11     | Killed Sonja
 22949 | D:11     | Reached skill level 12 in Dodging
 23394 | D:11     | Reached skill level 12 in Fighting
 24073 | D:12     | Reached skill level 12 in Armour
 24685 | D:12     | Got a scorched great sword
 24687 | D:12     | Identified the +10 great sword of Youthful Indiscretion {flame, MR++ Str-2 Int+3} (You found it on level 12 of the Dungeon)
 24702 | D:12     | Got a shimmering bronze ring
 24704 | D:12     | Identified the ring "Omutz" {*Tele Int+4} (You found it on level 12 of the Dungeon)
 25227 | D:13     | Received a gift from Okawaru
 25497 | D:13     | Found a burning altar of Makhleb.
 25748 | D:13     | Received a gift from Okawaru
 25928 | D:13     | Found a gate to the Vaults.
 25996 | D:13     | Received a gift from Okawaru
 25999 | D:13     | Noticed Nessos
 26017 | D:13     | Killed Nessos
 26890 | D:14     | Found a shattered altar of Ashenzari.
 27226 | D:14     | Reached XP level 16. HP: 141/141 MP: 19/19
 27595 | D:14     | You fall through a shaft!
 27595 | D:15     | Entered Level 15 of the Dungeon
 27612 | D:15     | Noticed Azrael
 27844 | Orc:1    | Entered Level 1 of the Orcish Mines
 28332 | Orc:1    | Found Jyth's Antique Armour Shoppe.
 28535 | Orc:1    | Found a roughly hewn altar of Beogh.
 28928 | Orc:2    | Entered Level 2 of the Orcish Mines
 29201 | Orc:2    | Found a staircase to the Elven Halls.
 29228 | Orc:2    | Noticed Rupert
 29238 | Orc:2    | Killed Rupert
 29314 | Orc:2    | Reached skill level 1 in Long Blades
 29858 | Orc:2    | Found a roughly hewn altar of Beogh.
 29943 | Orc:2    | Found Plog's Weapon Shop.
 30048 | Orc:2    | Reached skill level 1 in Axes
 30105 | Orc:2    | Reached skill level 3 in Axes
 30622 | Orc:2    | Found Vosaav's Book Emporium.
 30622 | Orc:2    | Found Mopnatru's Gadget Shop.
 30625 | Orc:2    | Found Qifopoak's Magic Scroll Emporium.
 30625 | Orc:2    | Found Jeajicw's Jewellery Shop.
 30918 | Spider:1 | Entered Level 1 of the Spider Nest
 30943 | Spider:1 | Noticed Donald
 30984 | Lair:2   | Killed Donald
 31544 | Spider:1 | Reached skill level 6 in Axes
 31658 | Spider:1 | HP: 6/141 [wolf spider (16)]
 32435 | Spider:1 | HP: 3/141 [emperor scorpion (7)]
 33089 | Spider:1 | HP: 7/141 [poisoned by an emperor scorpion]
 33096 | Lair:2   | HP: 6/141 [poisoned by an emperor scorpion]
 33103 | Lair:2   | HP: 7/141 [poisoned by an emperor scorpion]
 33111 | Lair:2   | HP: 7/141 [poisoned by an emperor scorpion]
 33828 | Spider:1 | You fall through a shaft!
 33919 | Spider:2 | Received a gift from Okawaru
 33952 | Spider:2 | Reached skill level 9 in Axes
 34576 | Spider:2 | Reached XP level 17. HP: 138/148 MP: 20/20
 34610 | Spider:2 | Noticed Agnes
 34635 | Spider:2 | Killed Agnes
 34870 | Spider:2 | Noticed Nikola
 34876 | Spider:2 | Noticed Arachne
 34910 | Spider:1 | Received a gift from Okawaru
 34913 | Spider:1 | Killed Arachne
 35349 | Shoals:1 | Entered Level 1 of the Shoals
 35399 | Shoals:1 | Received a gift from Okawaru
 35971 | Shoals:1 | Reached skill level 12 in Axes
 35991 | Shoals:1 | Received a gift from Okawaru
 37896 | Shoals:2 | Identified the +6 war axe "Arbiter" {drain, rF+ Dex+4} (You found it on level 2 of the Shoals)
 38016 | Shoals:3 | Noticed Roxanne
 38096 | Shoals:3 | Noticed Polyphemus
 38108 | Shoals:3 | Received a gift from Okawaru
 38125 | Shoals:3 | Killed Polyphemus
 38258 | Shoals:3 | Received a gift from Okawaru
 38808 | Shoals:4 | Entered Level 4 of the Shoals
 38826 | Shoals:4 | Received a gift from Okawaru
 39118 | Shoals:4 | Reached XP level 18. HP: 153/156 MP: 21/21
 39269 | Shoals:4 | Received a gift from Okawaru
 39335 | Shoals:4 | Noticed Ilsuiw
 39376 | Shoals:4 | Killed Ilsuiw
 39506 | Shoals:4 | Received a gift from Okawaru
 39736 | Shoals:4 | Reached skill level 15 in Axes
 39788 | Shoals:4 | Received a gift from Okawaru
 39910 | Shoals:4 | Got a barnacled rune of Zot
 40057 | Shoals:4 | Got a fine bronze ring
 40058 | Shoals:4 | Identified the ring "Nosexzif" {rN+ Dex+5} (You took it off a merfolk aquamancer on level 4 of the Shoals)
 40485 | Shoals:4 | Received a gift from Okawaru
 41213 | Spider:1 | Killed Nikola
 41213 | Spider:1 | Received a gift from Okawaru
 42561 | Spider:3 | Received a gift from Okawaru
 42728 | Spider:3 | Noticed Bai Suzhen
 42917 | Spider:3 | Killed Bai Suzhen
 42917 | Spider:3 | Reached XP level 19. HP: 132/162 MP: 18/22
 43059 | Spider:3 | Noticed Mara
 43069 | Spider:3 | Noticed Gorglomux's illusion
 43230 | Spider:3 | Noticed Gorglomux's illusion
 43254 | Spider:2 | Killed Mara
 43254 | Spider:2 | Received a gift from Okawaru
 43785 | Spider:4 | Entered Level 4 of the Spider Nest
 43801 | Spider:4 | Reached skill level 18 in Axes
 45220 | Spider:4 | Received a gift from Okawaru
 45900 | Spider:4 | Received a gift from Okawaru
 46171 | Spider:4 | Got a gossamer rune of Zot
 46497 | Vaults:1 | Entered Level 1 of the Vaults
 46556 | Vaults:1 | Reached XP level 20. HP: 134/170 MP: 23/23
 46696 | Vaults:1 | Received a gift from Okawaru
 47024 | Vaults:1 | Reached skill level 6 in Invocations
 47040 | Vaults:1 | Received a gift from Okawaru
 47864 | Vaults:2 | Reached skill level 9 in Invocations
 48351 | Vaults:2 | Identified a scroll of acquirement
 48352 | Vaults:2 | Got a shimmering buckler
 48353 | Vaults:2 | Identified the +1 buckler of Wozifeergh {Dex+6 Slay+2} (You acquired it on level 2 of the Vaults)
 48474 | Vaults:2 | Received a gift from Okawaru
 49141 | Vaults:2 | Found Hutz's Antique Armour Boutique.
 49147 | Vaults:2 | Bought an embroidered cloak for 292 gold pieces
 49866 | Vaults:3 | Reached XP level 21. HP: 179/179 MP: 27/27
 50311 | Vaults:3 | Noticed Sojobo
 50348 | Vaults:3 | Killed Sojobo
 50390 | Vaults:3 | Received a gift from Okawaru
 50391 | Vaults:3 | Found the +8 mithril axe "Arga" {god gift, speed, MR+}
 50740 | Vaults:3 | Found a staircase to the Crypt.
 50740 | Vaults:3 | Found a basalt altar of Yredelemnul.
 50741 | Vaults:3 | Found an ancient bone altar of Kikubaaqudgha.
 51174 | Vaults:4 | Found a glowing golden altar of the Shining One.
 51243 | Vaults:4 | Received a gift from Okawaru
 52250 | Vaults:4 | Reached XP level 22. HP: 142/191 MP: 25/28
 52524 | D:15     | Noticed Louise
 52563 | D:15     | Killed Louise
 52563 | D:15     | Reached skill level 15 in Dodging
 52605 | D:15     | Reached ****** piety under Okawaru
 52632 | D:15     | Killed Azrael
 52710 | D:15     | Reached skill level 15 in Fighting
 52805 | D:15     | Received a gift from Okawaru
 52880 | D:15     | Found a staircase to the Depths.
 52907 | D:15     | Reached skill level 15 in Armour
 53009 | D:15     | Received a gift from Okawaru
 53652 | Depths:1 | Entered Level 1 of the Depths
 53652 | Depths:1 | Found Ehooll's Antique Armour Shop.
 53703 | Depths:1 | Found a gateway to Hell.
 53846 | Depths:1 | Found Seabbef's Magic Scroll Boutique.
 53857 | Depths:1 | Found a gateway to a ziggurat.
 53914 | Depths:1 | Received a gift from Okawaru
 53976 | Depths:1 | Received a gift from Okawaru
 54389 | Depths:1 | Found Sateeq's Gadget Shop.
 54506 | Depths:1 | Bought a scroll of fog for 34 gold pieces
 54506 | Depths:1 | Bought a scroll of teleportation for 51 gold pieces
 54506 | Depths:1 | Bought a scroll of teleportation for 51 gold pieces
 54506 | Depths:1 | Bought a scroll of blinking for 127 gold pieces
 54506 | Depths:1 | Bought a scroll of blinking for 127 gold pieces
 54506 | Depths:1 | Bought a scroll of teleportation for 51 gold pieces
 54506 | Depths:1 | Bought a scroll of magic mapping for 59 gold pieces
 54921 | Depths:2 | Received a gift from Okawaru
 55058 | Depths:2 | Received a gift from Okawaru
 55095 | Depths:2 | Reached XP level 23. HP: 100/201 MP: 17/29
 55374 | Depths:2 | Noticed a golden dragon
 55407 | Depths:2 | Killed a golden dragon
 55508 | Depths:2 | Noticed a juggernaut
 55536 | Depths:2 | Killed a juggernaut
 55783 | Depths:2 | Noticed a golden dragon
 55804 | Depths:2 | Killed a golden dragon
 55929 | Depths:2 | Received a gift from Okawaru
 56131 | Depths:2 | Received a gift from Okawaru
 56144 | Depths:2 | Found a one-way gate to the infinite horrors of the Abyss.
 56152 | Depths:2 | Found a one-way gate leading to the halls of Pandemonium.
 56758 | Depths:3 | Reached XP level 24. HP: 214/214 MP: 21/29
 57661 | Depths:4 | Received a gift from Okawaru
 58419 | Depths:4 | Received a gift from Okawaru
 58423 | Depths:4 | Reached skill level 18 in Dodging
 58482 | Depths:5 | Entered Level 5 of the Depths
 58506 | Depths:5 | Reached skill level 18 in Fighting
 58535 | Depths:5 | Reached skill level 18 in Armour
 58665 | Depths:5 | Reached XP level 25. HP: 221/224 MP: 29/29
 58823 | Depths:5 | Received a gift from Okawaru
 59104 | Depths:5 | Received a gift from Okawaru
 59308 | Depths:5 | Found a gate to the Realm of Zot.
 59836 | Vaults:5 | Entered Level 5 of the Vaults
 59892 | Vaults:5 | Found the amulet of the Four Winds {rN+ MR+++ Clar}
 60037 | Vaults:5 | Gained mutation: You occasionally shout uncontrollably at your foes. [a shining eye]
 60046 | Vaults:5 | Noticed Jorgrun
 60082 | Vaults:5 | Killed Jorgrun
 60082 | Vaults:5 | Received a gift from Okawaru
 60221 | Vaults:5 | Received a gift from Okawaru
 60263 | Vaults:5 | Received a gift from Okawaru
 60301 | Vaults:5 | Noticed Boris
 60317 | Vaults:5 | Killed Boris
 60317 | Vaults:5 | Received a gift from Okawaru
 60501 | Vaults:5 | Noticed Jory
 60523 | Vaults:5 | Reached XP level 26. HP: 231/236 MP: 23/29
 60543 | Vaults:5 | Killed Jory
 61144 | Vaults:5 | Received a gift from Okawaru
 61197 | Vaults:5 | Got a silver rune of Zot
 61284 | Vaults:5 | Received a gift from Okawaru
 62225 | Zot:1    | Entered Level 1 of the Realm of Zot
 62377 | Zot:3    | Noticed a curse toe
 62392 | Zot:3    | Killed a curse toe
 62686 | Zot:4    | Reached XP level 27. HP: 176/246 MP: 28/29
 62891 | Zot:4    | Received a gift from Okawaru
 63250 | Zot:5    | Entered Level 5 of the Realm of Zot
 63425 | Zot:5    | Noticed an orb of fire
 63437 | Zot:5    | Gained mutation: Your spells are a little easier to cast, but a little less powerful. [an orb of fire]
 63451 | Zot:5    | Killed an orb of fire
 63672 | Zot:5    | Noticed an ancient lich
 63688 | Zot:5    | Killed an ancient lich
 63752 | Zot:5    | Noticed an ancient lich
 63768 | Zot:5    | Killed an ancient lich
 64050 | Zot:5    | Noticed an ancient lich
 64064 | Zot:5    | Killed an ancient lich
 64064 | Zot:5    | Received a gift from Okawaru
 64064 | Zot:5    | Reached skill level 21 in Dodging
 64313 | Zot:5    | Reached skill level 21 in Fighting
 64318 | Zot:5    | Noticed an ancient lich
 64333 | Zot:5    | Killed an ancient lich
 64333 | Zot:5    | Received a gift from Okawaru
 64333 | Zot:5    | Reached skill level 15 in Throwing
 64333 | Zot:5    | Reached skill level 21 in Armour
 64346 | Zot:5    | Noticed an orb of fire
 64352 | Zot:5    | Gained mutation: You are clumsy. (Dex -2) [an orb of fire]
 64357 | Zot:5    | Noticed an orb of fire
 64360 | Zot:5    | Killed an orb of fire
 64379 | Zot:5    | Killed an orb of fire
 64379 | Zot:5    | Received a gift from Okawaru
 64389 | Zot:5    | Noticed an orb of fire
 64401 | Zot:5    | Noticed an ancient lich
 64407 | Zot:5    | Killed an orb of fire
 64410 | Zot:5    | Noticed an orb of fire
 64450 | Zot:5    | Killed an orb of fire
 64745 | Zot:5    | Noticed an orb of fire
 64747 | Zot:5    | Lost mutation: You are clumsy. (Dex -2) [an orb of fire]
 64758 | Zot:5    | Killed an orb of fire
 64836 | Zot:5    | Noticed an orb of fire
 64837 | Zot:5    | Gained mutation: Your magical capacity is low. (-10% MP) [an orb of fire]
 64848 | Zot:5    | Killed an orb of fire
 64864 | Zot:5    | Killed an ancient lich
 65150 | Zot:5    | Received a gift from Okawaru
 65314 | Zot:5    | Received a gift from Okawaru
 65393 | Zot:5    | Got the Orb of Zot
 65818 | D:8      | Noticed Pikel
 65829 | D:8      | Killed Pikel
 65995 | D:2      | Received a gift from Okawaru
 66049 | D:$      | Escaped with the Orb!

Vault maps used:
D:1:      dpeg_arrival_windows_large_door
D:2:      lemuel_upstairs_altar, minmay_nonomino_d4
D:3:      first_ration, hex_medium
D:4:      grunt_temple_overflow_open, bloody_trog
D:5:      nicolae_overflow_hidden_temple, minmay_temple_entry_hall, basic_altar,
          serial_shops, shop_statue
D:6:      minmay_a_box_with_orc_wizards_in_it
D:7:      old_standard_altar, uniq_duvessa
D:8:      grunt_pizzeria, grunt_ministairs_14, uniq_gastronok, uniq_pikel
D:9:      amethyst_overflow_temple_binary, zombieorc2_lemuel, basic_altar,
          kennysheep_flooded_box
D:10:     lair_entry_dummy, uniq_erica
D:11:     uniq_sonja
D:12:     minmay_the_grid_triangle_9x9_recursive_2
D:13:     grunt_vaults_entry_fortified, stair_cage_wide, nicolae_benzene_ring,
          lemuel_hellish_altar, uniq_nessos
D:14:     evilmike_ruin_ashenzari, hangedman_glass_teeth
D:15:     hangedman_depths_entry_civil_slaughter, hangedman_decor_push,
          uniq_louise, uniq_azrael
Lair:1:   infiniplex_staircase_pool_2, grunt_megastairs_1, lemuel_fruit_fields
Lair:2:   minmay_shoals_entry_lonely_mermaid, spider_nest_entry_rubble,
          minmay_holes, cheibrodos_lair_caveside_slide
Lair:3:   serial_forest, infiniplex_forest_clump_large, infiniplex_forest_end_2,
          infiniplex_forest_lined_2, infiniplex_forest_lined_corner,
          infiniplex_forest_lined_room_2, infiniplex_forest_lined_4_way,
          infiniplex_forest_clump_tiny, basic_altar
Lair:4:   guppyfry_lair_drakes, grunt_megastairs_2, minmay_lair_oklob_chamber,
          lemuel_fruit_tree
Lair:5:   nzn_random_ring
Lair:6:   minmay_lair_end_enchanted_forest, nicolae_slime_entry_slimehenge,
          nicolae_volcano_entry_s_turn
Shoals:1: abandoned_shop, nicolae_shoals_square_sea_wall,
          hangedman_shoals_cup_caves
Shoals:3: nicolae_shoals_loop_pool, uniq_polyphemus, uniq_roxanne
Shoals:4: shoals_end_grunt_ice, shoals_ilsuiw_ice
Spider:1: hangedman_creepy_crawlies, uniq_donald
Spider:2: guppyfry_spider_mini_2, nicolae_spider_cling_ruins, uniq_arachne,
          uniq_nikola, uniq_agnes
Spider:3: uniq_mara, uniq_bai_suzhen
Spider:4: grunt_spider_rune_island
Orc:1:    nicolae_orc_accident_3, serial_shops, nicolae_shop_overgrown_old_shop,
          nicolae_orc_stony_grotto, bh_open_orc_temple
Orc:2:    grunt_orc_tribal_feast, basic_altar, serial_shops, nicolae_shop_trees,
          uniq_rupert
Vaults:1: hangedman_vaults_restitches, v_misc_29, vaults_room_door_hall,
          nicolae_vaults_alarming, v_alt_pattern_2, v_misc_18,
          nicolae_vaults_big_angled_halls, nicolae_vaults_little_squares_4,
          v_misc_15, nicolae_vaults_asterisk, ontoclasm_vaults_loading_screen
Vaults:2: nicolae_vaults_statue_guard, grunt_vaults_bifocal,
          vaults_room_corners, v_misc_27, serial_shops, nicolae_shop_crystal
Vaults:3: nicolae_vaults_little_squares_3, ontoclasm_vaults_bender,
          vaults_room_door_ring, ontoclasm_vaults_shuriken,
          vaults_standard_mumra_x, ontoclasm_vaults_ligature, v_misc_23,
          minmay_crypt_entry_necro_gods, grunt_vaults_hallway_long,
          grunt_vaults_twisty, vaults_room_corners, hangedman_vaults_impose,
          ontoclasm_vaults_fault, ontoclasm_vaults_chip, uniq_sojobo
Vaults:4: v_misc_11, v_misc_1, v_misc_11, grunt_vaults_focal, vaults_dpeg_ring,
          hangedman_vaults_slice, basic_altar
Vaults:5: serial_shops, uniq_jory, uniq_boris, uniq_jorgrun
Depths:1: enter_ziggurat_a, serial_bayou_pond_d, hell_entry, serial_shops,
          nicolae_shop_temple_entry_statues_fountains, shop, nicolae_shop_trees,
          hangedman_decor_points, kennysheep_generic_room_12,
          serial_bayou_shore_b, serial_bayou_shore_a
Depths:2: hangedman_pleasuredromes, hell_entry, abyss_entry, serial_shops,
          pan_entry
Depths:3: kennysheep_blocky_hall, hell_entry, grunt_pan_entry_in_and_out,
          fountainhead, minmay_misc_feat_hallway
Depths:4: minmay_ornate_pinched, grunt_hell_horde,
          abyss_entry_small_statue_room, serial_sigils,
          serial_sigils_hangedman_stare, serial_sigils_hangedman_gut,
          serial_sigils_hangedman_gut, serial_sigils_hangedman_leer,
          serial_sigils_hangedman_carve, fountainhead
Depths:5: grunt_zot_entry_gee_three, hell_entry, infiniplex_enter_wizlab_spiral
Zot:2:    zot_minivault_3, grunt_megastairs_3

Skill      XL: |  1  2  3  4  5  6  7  8  9 10 11 12 13 14 15 16 17 18 19 20 21 22 23 24 25 26 27 |
---------------+----------------------------------------------------------------------------------+-----
Armour         | 1 2 3 4 7 8 10 11 12 13 14 15 17 18 19 20 22 | 22.0
Fighting       | 2 3 4 5 7 9 10 11 12 13 14 15 17 18 19 20 22 | 22.0
Throwing       | 3 4 5 7 8 9 12 13 14 16 | 16.7
Dodging        | 3 4 5 7 8 9 10 11 12 13 14 16 17 18 19 20 21 | 21.0
Invocations    | 4 9 |  9.0
Shields        | 4 |  4.0
Long Blades    | 2 |  2.4
Axes           | 9 14 17 19 20 | 20.0
Spellcasting   | |  1.0
Hexes          | |  3.0

Action                   |  1- 3 |  4- 6 |  7- 9 | 10-12 | 13-15 | 16-18 | 19-21 | 22-24 | 25-27 || total
-------------------------+-------+-------+-------+-------+-------+-------+-------+-------+-------++-------
Melee: Unarmed           |    76 |   149 |    32 |       |       |       |       |       |       ||   257
       Falchion          |       |       |   870 |  1105 |   502 |   278 |       |       |       ||  2755
       Scimitar          |       |       |       |    21 |   490 |    37 |       |       |       ||   548
       Battleaxe         |       |       |       |       |       |  1450 |  1459 |  1529 |  1670 ||  6108
       Punch             |       |       |       |       |       |     1 |       |       |       ||     1
Throw: Stone             |   144 |   409 |    25 |     1 |   536 |   264 |       |       |       ||  1379
       Javelin           |    32 |    18 |    31 |    57 |   174 |   248 |   102 |    16 |    94 ||   772
       Throwing net      |     3 |       |     1 |       |     7 |       |       |       |       ||    11
       Tomahawk          |       |    20 |     8 |    48 |   185 |   222 |     8 |       |       ||   491
 Cast: Corona            |    38 |     5 |       |       |       |       |       |       |       ||    43
Invok: Heroism           |       |       |    12 |    40 |    58 |    65 |    31 |    22 |    36 ||   264
       Finesse           |       |       |       |       |     2 |     1 |     5 |    10 |    23 ||    41
Evoke: Wand              |       |       |     3 |     6 |    17 |    10 |     8 |     2 |     6 ||    52
       Box of beasts     |       |       |       |       |       |     1 |       |       |       ||     1
  Use: Scroll            |       |     1 |    13 |     5 |    11 |    19 |    12 |    14 |    18 ||    93
       Potion            |       |     1 |     5 |     3 |     4 |    13 |     5 |     2 |     6 ||    39
 Stab: Held in net/web   |       |       |       |       |     1 |     1 |       |       |       ||     2
       Petrified         |       |       |       |       |     1 |       |       |       |       ||     1
       Paralysed         |       |       |       |       |     3 |       |       |       |       ||     3
       Distracted        |       |       |       |       |     1 |       |       |     1 |       ||     2
       Confused          |       |       |       |       |       |     4 |       |       |       ||     4
  Eat: Chunk             |     5 |    10 |     8 |    20 |    30 |    41 |    19 |    19 |     5 ||   157
       Ration            |       |     1 |     2 |     3 |     2 |     7 |     3 |     1 |     6 ||    25
Armor: Robe              |    59 |     5 |       |       |       |       |       |       |       ||    64
       Chain mail        |       |   217 |   515 |   622 |   710 |       |       |       |       ||  2064
       Skin              |       |       |       |    17 |     6 |       |       |       |       ||    23
       Plate armour      |       |       |       |       |    47 |  1847 |   933 |   333 |       ||  3160
       Gold dragon scale |       |       |       |       |       |       |       |   516 |  1038 ||  1554
Dodge: Dodged            |   190 |    99 |   369 |   815 |  1266 |  2247 |  1129 |   893 |   877 ||  7885
       Deflected         |       |       |       |     9 |    11 |    59 |    50 |    60 |    49 ||   238
Block: Buckler           |       |   115 |   274 |   518 |   799 |   222 |       |       |       ||  1928
       Rpst.: Falchion   |       |       |    96 |   249 |   158 |   101 |       |       |       ||   604
       Scimitar          |       |       |       |     3 |   163 |    17 |       |       |       ||   183

Table legend:
 A = Spawn XP
 B = Non-spawn XP
 C = Spawn XP percentage of total XP
 D = Spawn monster count
 E = Non-spawn monster count
 F = Spawn count percentage of total count
 G = Total turns spent on level
                    A         B        C        D         E        F      G
               +---------+---------+-------+---------+---------+-------+---------
         Total |       0 | 1325837 |   0.0 |       0 |    2064 |   0.0 | 66049
               +---------+---------+-------+---------+---------+-------+---------
           D:1 |       0 |      66 |   0.0 |       0 |      34 |   0.0 |  2104
           D:2 |       0 |      19 |   0.0 |       0 |      13 |   0.0 |   869
           D:3 |       0 |     259 |   0.0 |       0 |      27 |   0.0 |  2449
           D:4 |       0 |     219 |   0.0 |       0 |      15 |   0.0 |  1374
           D:5 |       0 |     846 |   0.0 |       0 |      23 |   0.0 |  1237
           D:6 |       0 |     502 |   0.0 |       0 |      17 |   0.0 |   971
           D:7 |       0 |    1038 |   0.0 |       0 |      28 |   0.0 |   829
           D:8 |       0 |    5699 |   0.0 |       0 |      40 |   0.0 |  1545
           D:9 |       0 |    2130 |   0.0 |       0 |      71 |   0.0 |  1319
          D:10 |       0 |    4746 |   0.0 |       0 |      34 |   0.0 |  1167
          D:11 |       0 |   12440 |   0.0 |       0 |      41 |   0.0 |  1934
          D:12 |       0 |    7400 |   0.0 |       0 |      26 |   0.0 |  1255
          D:13 |       0 |   14728 |   0.0 |       0 |      33 |   0.0 |  2003
          D:14 |       0 |    2075 |   0.0 |       0 |      15 |   0.0 |   974
          D:15 |       0 |   30120 |   0.0 |       0 |      63 |   0.0 |  1253
        Lair:1 |       0 |    2442 |   0.0 |       0 |      14 |   0.0 |  1004
        Lair:2 |       0 |    6398 |   0.0 |       0 |      19 |   0.0 |  1630
        Lair:3 |       0 |    5499 |   0.0 |       0 |      33 |   0.0 |  1172
        Lair:4 |       0 |   10087 |   0.0 |       0 |      28 |   0.0 |  1646
        Lair:5 |       0 |   15593 |   0.0 |       0 |      36 |   0.0 |  1313
        Lair:6 |       0 |   20342 |   0.0 |       0 |      90 |   0.0 |  2626
      Shoals:1 |       0 |   15566 |   0.0 |       0 |      31 |   0.0 |  1600
      Shoals:2 |       0 |    6362 |   0.0 |       0 |      12 |   0.0 |  1011
      Shoals:3 |       0 |   14812 |   0.0 |       0 |      19 |   0.0 |   979
      Shoals:4 |       0 |   38945 |   0.0 |       0 |      66 |   0.0 |  2194
      Spider:1 |       0 |   31713 |   0.0 |       0 |      86 |   0.0 |  3511
      Spider:2 |       0 |   28283 |   0.0 |       0 |      56 |   0.0 |  1921
      Spider:3 |       0 |   23098 |   0.0 |       0 |      43 |   0.0 |  1983
      Spider:4 |       0 |   44120 |   0.0 |       0 |      92 |   0.0 |  1478
         Orc:1 |       0 |    4630 |   0.0 |       0 |      42 |   0.0 |  1574
         Orc:2 |       0 |   12634 |   0.0 |       0 |      60 |   0.0 |  1395
      Vaults:1 |       0 |   39977 |   0.0 |       0 |      82 |   0.0 |  1352
      Vaults:2 |       0 |   23898 |   0.0 |       0 |      47 |   0.0 |  1861
      Vaults:3 |       0 |   70138 |   0.0 |       0 |      97 |   0.0 |  1717
      Vaults:4 |       0 |   38619 |   0.0 |       0 |      52 |   0.0 |  1500
      Vaults:5 |       0 |  189995 |   0.0 |       0 |     160 |   0.0 |  1920
      Depths:1 |       0 |   34196 |   0.0 |       0 |      42 |   0.0 |  1259
      Depths:2 |       0 |  112604 |   0.0 |       0 |     106 |   0.0 |  1698
      Depths:3 |       0 |   54040 |   0.0 |       0 |      64 |   0.0 |  1021
      Depths:4 |       0 |   50943 |   0.0 |       0 |      54 |   0.0 |  1001
      Depths:5 |       0 |   55071 |   0.0 |       0 |      45 |   0.0 |  1155
         Zot:1 |       0 |    4772 |   0.0 |       0 |       2 |   0.0 |    48
         Zot:2 |       0 |   11657 |   0.0 |       0 |       9 |   0.0 |   126
         Zot:3 |       0 |    8841 |   0.0 |       0 |       4 |   0.0 |   314
         Zot:4 |       0 |   55860 |   0.0 |       0 |      38 |   0.0 |   601
         Zot:5 |       0 |  212415 |   0.0 |       0 |      55 |   0.0 |  2156
               +---------+---------+-------+---------+---------+-------+---------
